 Dungeon Crawl Stone Soup version 0.30-a0-867-g305f33218d (webtiles) character file.

Game seed: 31863531227049859

30 PimpSugar the Magician (level 3, -6/37 HPs)
             Began as a Demonspawn Hedge Wizard on Mar 10, 2023.
             Mangled by Terence
             ... wielding a +0 trident
              (7 damage)
             ... on level 2 of the Dungeon.
             The game lasted 00:04:39 (1157 turns).

PimpSugar the Magician (Demonspawn Hedge Wizard)    Turns: 1157, Time: 00:04:40

Health: -6/37      AC: 21    Str: 16    XL:     3   Next: 3%
Magic:  1/7        EV:  2    Int: 17    God:
Gold:   86         SH:  0    Dex: 12    Spells: 5/8 levels left

rFire   . . .      SeeInvis .    a - +0 dagger
rCold   . . .      Faith    .    (no shield)
rNeg    . . .      Spirit   .    b - melded +0 robe
rPois   +          Reflect  .    c - melded +0 hat
rElec   .          Rampage  .    (cloak currently unavailable)
rCorr   .          NoTele   +    (gloves currently unavailable)
Will    .....                    (boots currently unavailable)
Stlth   ++                       (no amulet)
HPRegen 0.26/turn                j - ring of flight
MPRegen 0.10/turn                n - +6 ring of strength

@: tree-form
A: stationary, stasis, torment immunity, boosted hp, (antennae 1), repulsion
field 1
a: no special abilities


You were on level 2 of the Dungeon.
You were a tree.
You visited 1 branch of the dungeon, and saw 2 of its levels.

You collected 86 gold pieces.

Inventory:

Hand Weapons
 a - a +0 dagger (weapon)
Missiles
 i - 10 stones (quivered)
Armour
 b - a +0 robe (melded)
 c - a +0 hat (melded)
Jewellery
 j - a ring of flight (left branch)
 n - a +6 ring of strength (right branch)
Scrolls
 g - 2 scrolls of poison
 k - a scroll of amnesia {unknown}
 m - a scroll of identify {unknown}
Potions
 d - a potion of ambrosia {unknown}
 e - a potion of attraction {unknown}
 h - a potion of magic
 l - a potion of lignification
 o - a potion of curing {unknown}
 p - a potion of haste {unknown}


   Skills:
 + Level 0.7 Fighting
 + Level 2.0 Dodging
 + Level 2.0 Stealth
 * Level 3.3 Spellcasting
 + Level 1.3 Conjurations
 + Level 1.0 Summonings
 + Level 1.0 Translocations


You had 5 spell levels left.
You knew the following spells:

 Your Spells              Type           Power      Damage    Failure   Level
a - Magic Dart            Conj           28%        1d4       10%         1
b - Call Imp              Summ           6%         N/A       16%         2

Your spell library contained the following spells:

 Spells                   Type           Power      Damage    Failure   Level
 Blink                    Tloc           12%        N/A       16%         2
 Slow                     Hex            8%         N/A       17%         1
 Cigotuvi's Dreadful Rot  Necr/Pois/Air  4%         N/A       26%         2
 Mephitic Cloud           Conj/Pois/Air  4%         N/A       38%         3


Dungeon Overview and Level Annotations

Branches:
Dungeon (2/15)

Altars:

Annotations:
D:2 Terence


Innate Abilities, Weirdness & Mutations

You are a tree.
Your roots penetrate the ground, keeping you stationary.
You cannot be teleported.
You are immune to unholy pain and torment.
Your maximum health is greatly increased.
Your equipment is partially melded.
((You have a pair of small antennae on your head.))
You are surrounded by a mild repulsion field. (EV +2)


Message History

You throw a javelin. The javelin pierces through Terence.
Terence is moderately wounded.
Terence barely misses you.
Your crimson imp hits Terence but does no damage.
Throw: 2 javelins
Press: ? - help, Q - select action, (/) - cycle Shift-Dir - straight line, f/p - Terence
Aim: Terence, wielding a +0 trident and wearing a +0 chain mail (moderately wounded, ally target, 64% to hit)
You throw a javelin.
The javelin hits Terence and shatters, but does no damage.
Terence is moderately wounded.
Terence misses you.
Your crimson imp blinks!
Terence hits you from afar with a +0 trident!
* * * LOW HITPOINT WARNING * * *
It was a potion of lignification.
You turn into a tree.
Your +0 hat melds into your body.
Your +0 robe melds into your body.
Your roots penetrate the ground.
Terence hits you but does no damage.
Throw: javelin
Press: ? - help, Q - select action, (/) - cycle Shift-Dir - straight line, f/p - Terence
Aim: Terence, wielding a +0 trident and wearing a +0 chain mail (moderately wounded, 64% to hit)
You throw a javelin. The javelin closely misses Terence.
Terence hits you but does no damage.
Casting: Magic Dart (safe; 10% risk of failure)
Confirm with . or Enter, or press ? or * to list all spells.
Aiming: Magic Dart (safe; 10% risk of failure)
Press: ? - help, Shift-Dir - straight line, f/p - Terence
Aim: Terence, wielding a +0 trident and wearing a +0 chain mail (moderately wounded, 100% to hit)
The magic dart hits Terence but does no damage.
Terence is moderately wounded.
Terence hits you from afar with a +0 trident.
* * * LOW HITPOINT WARNING * * *
Casting: Magic Dart (safe; 10% risk of failure)
Confirm with . or Enter, or press ? or * to list all spells.
A beastly little devil appears in a puff of flame.
Terence hits you but does no damage.
The air fills with toxic fumes!
As you read the scroll labelled OGUCVU BOANY, it crumbles to dust.
It was a scroll of poison.
Terence hits you but does no damage.
Terence hits you from afar with a +0 trident!
You die...

#.# ######.#
#....<.# #....###
####.# #.# #.# #.#
######### #.#
#♣.§§§§§§
#########.#
#5#######
....!...#.######@#
#######...5..§(§§#
###.######## #†#
##)## #...#
#.#.#.#


You could see Terence (ally target) and a friendly crimson imp (summoned).

Vanquished Creatures
  2 dart slugs (D:1)
  5 ball pythons (D:1)
  3 bats (D:1)
  An endoplasm (D:1)
  A giant cockroach (D:1)
  A goblin (D:1)
  4 jackals (D:1)
  A kobold (D:1)
  A quokka (D:1)
  4 rats (D:1)
23 creatures vanquished.

Vanquished Creatures (collateral kills)
  A frilled lizard (D:2)
1 creature vanquished.

Grand Total: 24 creatures vanquished

Notes
Turn   | Place    | Note
-------+----------+-------------------------------------------
     0 | D:1      | PimpSugar the Demonspawn Hedge Wizard began the quest for
                  | the Orb.
     0 | D:1      | Reached XP level 1. HP: 13/13 MP: 4/4
   128 | D:1      | Gained mutation: You have a pair of small antennae on your
                  | head. [demonic ancestry]
   128 | D:1      | Reached XP level 2. HP: 17/20 MP: 1/6
   263 | D:1      | Learned a level 2 spell: Call Imp
   773 | D:1      | Reached skill level 1 in Translocations
   804 | D:1      | Gained mutation: You are surrounded by a mild repulsion
                  | field. (EV +2) [demonic ancestry]
   804 | D:1      | Reached XP level 3. HP: 25/25 MP: 4/7
  1122 | D:2      | Noticed Terence
  1149 | D:2      | HP: 1/25 [Terence/+0 trident (8)]
  1154 | D:2      | HP: 1/37 [Terence/+0 trident (3)]
  1157 | D:2      | Mangled by Terence

Illustrated notes

Levels and vault maps discovered:
D:1:      shiori_shiawase, layout_basic, dk_noncrumbling_4
D:2:      layout_loops_ring, nicolae_ecumenical_snake_handling,
          hangedman_decor_push, uniq_terence, uniq_sigmund

Skill      XL: |  1  2 |
---------------+-------+-----
Dodging        | 2 |  2.0
Stealth        | 2 |  2.0
Translocations | 1 |  1.0
Fighting       | |  0.7
Spellcasting   | |  3.3
Conjurations   | |  1.3
Summonings     | |  1.0

Action                     || total
---------------------------++-------
  Melee: Dagger            ||    36
  Throw: Javelin           ||     3
   Cast: Magic Dart        ||    51
         Call Imp          ||     3
    Use: Potion            ||     3
         Scroll            ||     1
 Armour: Robe              ||    16
         Skin              ||     4
  Dodge: Dodged            ||    40

Table legend: (Time is in decaauts)
 A = Elapsed time spent in this place.
 B = Non-inter-level travel time spent in this place.
 C = Inter-level travel time spent in this place.
 D = Time resting spent in this place.
 E = Time spent auto-exploring this place.
 F = Levels seen in this place.
 G = Mean time per level.
                   A        B        C        D        E       F      G
               +--------+--------+--------+--------+--------+-----+--------+
         Total |   1157 |   1110 |     47 |     24 |    808 |   2 |  578.5 |
       Dungeon |   1157 |   1110 |     47 |     24 |    808 |   2 |  578.5 |
               +--------+--------+--------+--------+--------+-----+--------+

Top non-repeatable levels by time:
     D:1: 1053 daAuts
     D:2: 104 daAuts
